 Dungeon Crawl Stone Soup version 0.30.1-4-g462c640d31 (webtiles) character file.

Game seed: 16498535994835220822

4157 Graphine the Nimble (level 10, -3/63 HPs)
             Began as a Human Necromancer on Sept 14, 2023.
             Was a Follower of Kikubaaqudgha.
             Slain by a vampire (9 damage)
             ... on level 7 of the Dungeon.
             The game lasted 00:18:44 (6176 turns).

Graphine the Nimble (Human Necromancer)             Turns: 6176, Time: 00:18:45

Health: -3/63      AC: 10    Str: 13    XL:     10   Next: 52%
Magic:  17/17      EV: 24    Int: 15    God:    Kikubaaqudgha [*.....]
Gold:   341        SH:  0    Dex: 17    Spells: 9/18 levels left

rFire   + . .        v - +6 quarterstaff "Tatruna" {freeze, rN+ Will+ Dex+3}
rCold   . . .        (shield currently unavailable)
rNeg    + . .        q - +3 ring mail {rF+}
rPois   .            (no helmet)
rElec   .            o - +0 cloak
rCorr   .            s - +0 pair of gloves
SInv    .            (no boots)
Will    +....        f - amulet of the acrobat
Stlth   +            i - +5 ring of evasion
HPRegen 0.30/turn    d - +5 ring of evasion
MPRegen 0.15/turn

%: acrobat
@: no status effects
A: no striking features
a: Renounce Religion, Unearth Wretches


You were on level 7 of the Dungeon.
You worshipped Kikubaaqudgha.
Kikubaaqudgha was aware of your devotion.
You visited 2 branches of the dungeon, and saw 8 of its levels.

You collected 341 gold pieces.

Inventory:

Hand Weapons
 v - the +6 quarterstaff "Tatruna" (weapon) {freeze, rN+ Will+ Dex+3}
   (You found it on level 3 of the Dungeon)

   Dex:       It affects your dexterity (+3).
   rN:        It protects you from negative energy.
   Will:      It increases your willpower.
 y - the +4 hand axe of Demonkind {holy, rF+}
   (You found it on level 4 of the Dungeon)

   rF:        It protects you from fire.
Missiles
 F - a throwing net
Armour
 o - a +0 cloak (worn)
 q - a +3 ring mail of fire resistance (worn)
 s - a +0 pair of gloves (worn)
Jewellery
 d - a +5 ring of evasion (right hand)
 f - an amulet of the acrobat (around neck)
 i - a +5 ring of evasion (left hand)
 l - a ring of magical power
 n - a ring of positive energy
 t - a ring of poison resistance
 x - a ring of magical power
 B - a ring of positive energy
Wands
 D - a wand of roots (7)
Scrolls
 a - a scroll of torment
 c - 5 scrolls of magic mapping
 j - 3 scrolls of fog
 k - 5 scrolls of immolation
 m - a scroll of poison {unknown}
 p - a scroll of teleportation {unknown}
 r - a scroll of brand weapon {unknown}
 A - a scroll of butterflies {unknown}
 C - 2 scrolls of identify
 E - a scroll of amnesia {unknown}
Potions
 b - 4 potions of magic
 e - 2 potions of attraction {unknown}
 g - 2 potions of lignification {unknown}
 h - 4 potions of curing
 u - a potion of heal wounds {unknown}
 w - 2 potions of haste {unknown}
 z - 3 potions of degeneration
 G - a potion of ambrosia {unknown}
 H - a potion of mutation {unknown}


   Skills:
 - Level 8.0 Staves
 + Level 8.2 Dodging
 - Level 2.0 Stealth
 + Level 4.7 Spellcasting
 * Level 7.3 Necromancy
 * Level 4.9 Earth Magic


You had 9 spell levels left.
You knew the following spells:

 Your Spells              Type           Power      Damage    Failure   Level
a - Necrotise             Necr           100%       1d9       1%          1
b - Vampiric Draining     Necr           25%        2d7       5%          3
c - Borgnjor's Vile Clut  Necr/Erth      10%        N/A       63%         5

Your spell library contained the following spells:

 Spells                   Type           Power      Damage    Failure   Level
 Kiss of Death            Conj/Necr      56%        2d9       9%          1
 Animate Dead             Necr           25%        N/A       19%         4
 Cigotuvi's Dreadful Rot  Necr/Pois/Air  20%        N/A       21%         2
 Apportation              Tloc           6%         N/A       36%         1
 Shock                    Conj/Air       12%        1d3       36%         1
 Slow                     Hex            12%        N/A       36%         1
 Summon Small Mammal      Summ           12%        N/A       36%         1
 Agony                    Necr           25%        N/A       45%         5
 Blink                    Tloc           6%         N/A       50%         2
 Call Canine Familiar     Summ           3%         N/A       73%         3
 Confusing Touch          Hex            3%         N/A       73%         3
 Summon Guardian Golem    Hex/Summ       3%         N/A       73%         3
 Swiftness                Air            3%         N/A       73%         3
 Death Channel            Necr           12%        N/A       95%         6
 Airstrike                Air            1%         2d(1-17)  98%         4
 Manifold Assault         Tloc           3%         N/A       98%         4
 Alistair's Intoxication  Tmut/Pois      2%         N/A       100%        5
 Storm Form               Tmut/Air       1%         N/A       100%        7
 Chain Lightning          Conj/Air       1%         3d2       100%        9
 Fire Storm               Conj/Fire      1%         8d1       100%        9
 Shatter                  Erth           9%         3d11*     100%        9


Dungeon Overview and Level Annotations

Branches:
Dungeon (7/15)             Temple (1/1) D:6

Altars:
Ashenzari
Cheibriados
Dithmenos
Fedhas
Gozag
Hepliaklqana
Kikubaaqudgha
Makhleb
Nemelex Xobeh
Okawaru
Qazlal
Ru
Sif Muna
Trog
Uskayaw
Vehumet
Xom
Yredelemnul
Zin
The Shining One

Shops:
D:4 *


Message History

The vampire attacks as you move away! The vampire completely misses you. x2
The vampire attacks as you move away! The vampire completely misses you. x2
The vampire attacks as you move away! The vampire completely misses you.
The vampire misses you.
The vampire casts a spell.
The vampire flickers and vanishes!
Deactivating autopickup; reactivate with Ctrl-A.
You hear some strange, mumbled words.
You are confused.
You're too confused to move!
Something completely misses you. Something closely misses you.
Something completely misses you. Something misses you.
You bump into the rock wall.
Something hits you but does no damage. Something bites you but does no damage.
You feel less confused.
A vampire appears from thin air!
Reactivating autopickup.
You hit the vampire but do no damage. The vampire closely misses you. x2
You hit the vampire.
The vampire is lightly damaged.
The vampire hits you. The vampire closely misses you.
You hit the vampire.
The vampire is lightly damaged.
The vampire gestures wildly while chanting.
The vampire flickers and vanishes!
Deactivating autopickup; reactivate with Ctrl-A.
You barely miss something. You barely miss something.
Something closely misses you. x2
You hit something. You freeze something. Something hits you!
* * * LOW HITPOINT WARNING * * *
Something bites you but does no damage.
You thump something! You freeze something. Something barely misses you.
Something bites you but does no damage.
You hit something but do no damage. Something barely misses you.
Something closely misses you.
You miss something. Something closely misses you. Something bites you!
* * * LOW HITPOINT WARNING * * *
Something barely misses you. Something bites you!
You die...
Kikubaaqudgha rasps: "You have failed me!
Welcome... death!"

...###.. ##.#.... ####...... ##
.........###... ....
####..........# .... #..####...#
##...# #.........## .....# ###
##.........### ...... #.####
#...@.....#.# #.....
##....#####...{.......####)....
#..##...............#..).).##
##...#..#.........#..##.)†#..##.
#.#..####.......................
##.##.# ##........########.#####
#.....####......#### ♣...♣♣
##......##.....##### ♣.♣.♣
###...........#.#.# ♣ ♣[♣♣♣♣


There were no monsters in sight!

Vanquished Creatures
  Pikel (D:6)
  A cyclops (D:7)
  A hornet (D:7)
  Sigmund (D:5)
  A steam dragon (D:7)
  Edmund (D:5)
  2 water moccasins
  An orc warrior (D:6)
  3 ice beasts
  A black bear (D:3)
  3 ogres
  A sky beast (D:7)
  A centaur (D:6)
  4 phantoms
  A bullfrog (D:6)
  Blork the orc (D:5)
  3 wights (D:6)
  4 scorpions
  An electric eel (D:7)
  3 orc priests (D:6)
  6 hounds
  A gnoll bouda (D:7)
  2 jellies
  4 sleepcaps
  2 iguanas
  2 orc wizards
  9 gnolls
  4 adders
  2 white imps
  An ufetubus (D:4)
  A dart slug (D:2)
  7 orcs
  3 ball pythons
  9 bats
  3 endoplasms
  A giant cockroach (D:4)
  8 goblins
  7 hobgoblins
  6 jackals
  3 quokkas
  3 frilled lizards
  5 kobolds
  7 rats
131 creatures vanquished.

Vanquished Creatures (collateral kills)
  A jackal (D:1)
  A ball python (D:1)
  A frilled lizard (D:1)
3 creatures vanquished.

Grand Total: 134 creatures vanquished

Notes
Turn   | Place    | Note
-------+----------+-------------------------------------------
     0 | D:1      | Graphine the Human Necromancer began the quest for the Orb.
     0 | D:1      | Reached XP level 1. HP: 13/13 MP: 3/3
   343 | D:1      | Reached XP level 2. HP: 15/19 MP: 0/5
   525 | D:1      | Found a faded altar of an unknown god.
   768 | D:1      | Reached XP level 3. HP: 24/24 MP: 6/6
  1015 | D:2      | Learned a level 3 spell: Vampiric Draining
  2099 | D:3      | Found a broken altar of Ashenzari.
  2191 | D:3      | Identified the +6 quarterstaff "Tatruna" {freeze, rN+ Will+
                  | Dex+3}
  2197 | D:3      | Reached XP level 4. HP: 28/30 MP: 8/8
  2587 | D:3      | Noticed a black bear
  2597 | D:3      | Killed a black bear
  2598 | D:3      | Reached skill level 5 in Necromancy
  2598 | D:3      | Reached XP level 5. HP: 30/35 MP: 5/10
  3050 | D:4      | Reached skill level 1 in Staves
  3050 | D:4      | Reached XP level 6. HP: 23/41 MP: 5/11
  3232 | D:4      | Found Ylaten's General Store.
  3312 | D:4      | Identified the +4 hand axe of Demonkind {holy, rF+}
  3566 | D:4      | Found a large runed translucent door.
  3567 | D:4      | Found a large runed translucent door.
  3720 | D:4      | Found a burning altar of Makhleb.
  3730 | D:4      | Found a hide-covered altar of Uskayaw.
  3765 | D:5      | Entered Level 5 of the Dungeon
  3792 | D:5      | Noticed Sigmund
  3797 | D:5      | Killed Sigmund
  3798 | D:5      | Reached XP level 7. HP: 46/46 MP: 12/12
  3906 | D:5      | Noticed Edmund
  3924 | D:5      | Killed Edmund
  3925 | D:5      | Reached skill level 5 in Staves
  3925 | D:5      | Reached XP level 8. HP: 38/52 MP: 13/13
  4027 | D:5      | Reached skill level 5 in Dodging
  4052 | D:5      | You fall into a shaft and drop 2 floors!
  4101 | D:6      | Found a staircase to the Ecumenical Temple.
  4112 | Temple   | Entered the Ecumenical Temple
  4210 | Temple   | Became a worshipper of Kikubaaqudgha
  4347 | D:6      | Noticed Pikel
  4357 | D:6      | Paralysed by Pikel for 5 turns
  4374 | D:6      | Killed Pikel
  4375 | D:6      | Reached XP level 9. HP: 29/57 MP: 14/14
  4719 | D:6      | Reached skill level 1 in Earth Magic
  5097 | D:6      | Identified the +1 helmet of the Spider Nest {Contam Regen+
                  | Str+4 Int+3}
  5263 | D:5      | Found a sacrificial altar of Ru.
  5263 | D:5      | Found a shimmering blue altar of Sif Muna.
  5263 | D:5      | Found a blossoming altar of Fedhas.
  5263 | D:5      | Found a basalt altar of Yredelemnul.
  5361 | D:5      | Noticed Blork the orc
  5378 | D:5      | Killed Blork the orc
  5529 | D:5      | Reached XP level 10. HP: 63/63 MP: 16/16
  5535 | D:5      | Learned a level 5 spell: Borgnjor's Vile Clutch
  6013 | D:7      | Reached * piety under Kikubaaqudgha
  6013 | D:7      | Received a gift from Kikubaaqudgha
  6071 | D:7      | Noticed a cyclops
  6111 | D:7      | Killed a cyclops
  6115 | D:7      | HP: 1/63 [vampire (6)]
  6176 | D:7      | Slain by a vampire

Illustrated notes

Levels and vault maps discovered:
D:1:      lightli_arrival_noodles, layout_basic,
          shapermc_ecumenical_altar_acropolis
D:2:      layout_basic
D:3:      kennysheep_big_flooded_room, layout_loops_corners,
          ashenzari_conservatory_becter
D:4:      layout_cave_pools, jmf_multi_god_temple2, serial_shops, shop_statue
D:5:      layout_loops_ring, nicolae_overflow_hidden_temple,
          chequers_hall_statues_y, uniq_blork_the_orc, uniq_sigmund, uniq_edmund
D:6:      layout_loops_ring, minmay_temple_entry_mini_moons, dk_vineyard_3,
          uniq_pikel
D:7:      nzn_winding_woodlands_three_and_one
          [nzn_winding_woodlands_5x15_jagged,
          nzn_winding_woodlands_5x15_river_crossing,
          nzn_winding_woodlands_5x15_pool,
          nzn_winding_woodlands_center_triple_pond], layout_cave_pools,
          minmay_lizard_king
Temple:   nicolae_temple_figure_eight

Skill      XL: |  1  2  3  4  5  6  7  8  9 10 |
---------------+-------------------------------+-----
Spellcasting   | 3 4 |  4.7
Necromancy     | 5 6 7 |  7.3
Dodging        | 3 4 6 7 8 |  8.2
Staves         | 1 4 5 8 |  8.0
Earth Magic    | 3 4 |  4.9
Stealth        | |  2.0

Action                     |  1- 3 |  4- 6 |  7- 9 | 10-12 || total
---------------------------+-------+-------+-------+-------++-------
  Melee: Unarmed           |    21 |       |       |       ||    21
         Punch             |     1 |       |       |       ||     1
         Short sword       |     2 |       |       |       ||     2
         Quarterstaff      |     1 |    39 |   200 |    71 ||   311
   Cast: Necrotise         |    65 |    32 |    13 |    17 ||   127
         Vampiric Draining |       |       |     3 |     2 ||     5
  Evoke: Wand              |       |       |       |     5 ||     5
    Use: Scroll            |     7 |     1 |     1 |       ||     9
         Potion            |       |       |       |     2 ||     2
   Stab: Sleeping          |       |     1 |     1 |       ||     2
 Armour: Robe              |     7 |       |       |       ||     7
         Ring mail         |       |     8 |    25 |    14 ||    47
  Dodge: Dodged            |    40 |    41 |   152 |    90 ||   323
